Map: Acid Plant LE

Players

InZaNe

  • Race: Terran Terran
  • League: Grandmaster
  • Spawn Location: 5:00

Clem - Winner!

  • Race: Terran Terran
  • League: Grandmaster
  • Spawn Location: 11:00

Event: HomeStory Cup XVII

VOD

Have the link to the VOD?

Description

Time

  • Played on: June 28, 2018, 9:07 a.m.
  • Length: 12:12

All games in this series

Show
View Real Time Build Order
Export as new Build Order

InZaNe Terran 

Build Orders: Reaper Expand, Bio Tank 

Get SALT Encoding   

  12  0:00  SCV  
  13  0:12  SCV  
  14  0:17  Supply Depot  
  14  0:24  SCV  
  15  0:38  SCV  
  15  0:40  Barracks  
  16  0:44  Refinery  
  16  0:50  SCV  
  17  1:02  SCV  
  18  1:15  SCV  
  19  1:27  Orbital Command, Reaper  
  20  1:49  Command Center  
  20  1:53  SCV  
  21  1:55  Supply Depot  
  21  1:59  Marine  
  22  2:10  Factory  
  22  2:12  SCV  
  23  2:18  Refinery  
  23  2:21  Barracks Reactor  
  23  2:24  SCV  
  24  2:36  SCV  
  24  2:48  SCV  
  25  2:54  Starport  
  25  2:57  Marine x2  
  27  2:59  Factory Tech Lab  
  27  3:00  SCV  
  27  3:02  Orbital Command  
  28  3:12  SCV  
  29  3:15  Marine x2  
  29  3:19  Siege Tank  
  34  3:24  SCV  
  35  3:27  SCV  
  35  3:33  Marine  
  35  3:34  Marine  
  38  3:38  SCV  
  38  3:39  Medivac  
  38  3:40  Supply Depot  
  40  3:45  SCV  
  41  3:50  SCV  
  42  3:57  Marine x2, SCV  
  42  4:01  Supply Depot  
  42  4:02  Siege Tank  
  48  4:04  SCV  
  48  4:06  Engineering Bay  
  50  4:10  SCV  
  50  4:16  SCV  
  51  4:17  Refinery  
  51  4:22  Medivac, Marine  
  51  4:23  Supply Depot  
  54  4:24  Marine  
  55  4:31  SCV  
  55  4:32  SCV  
  55  4:34  Supply Depot  
  57  4:43  Siege Tank  
  57  4:44  Marine  
  60  4:46  Supply Depot, Marine  
  60  4:49  SCV x2  
  63  4:57  Medivac  
  64  5:01  SCV x2  
  66  5:08  Marine x2  
  68  5:17  Barracks  
  68  5:18  Barracks  
  68  5:19  SCV x2  
  70  5:23  Siege Tank  
  70  5:27  Starport Reactor  
  73  5:33  Barracks Tech Lab  
  73  5:40  SCV x2  
  73  5:42  Command Center  
  75  5:49  Refinery, Terran Infantry Weapons Level 1  
  75  5:50  Engineering Bay  
  75  5:52  SCV  
  75  5:53  Marine  
  75  5:54  Stimpack  
  75  5:55  SCV  
  76  6:04  SCV  
  76  6:08  SCV  
  74  6:16  Marine x2  
  74  6:17  SCV  
  70  6:20  SCV  
  62  6:29  SCV  
  62  6:32  SCV  
  54  6:38  Terran Infantry Armor Level 1  
  54  6:40  Marine  
  54  6:41  SCV, Starport Reactor, Barracks x2  
  54  6:42  Siege Tank  
  54  6:45  Marine  
  54  6:46  Marine  
  61  6:48  Marine  
  61  6:49  Marine  
  63  6:56  SCV x2  
  63  6:58  Marine  
  63  7:01  Orbital Command  
  66  7:07  Marine x3  
  70  7:08  SCV  
  70  7:09  Marine  
  71  7:17  Siege Tank  
  71  7:20  Marine  
  55  7:30  Liberator  
  55  7:33  Liberator, Marine x2, SCV  
  55  7:34  Marine x2  
  55  7:35  SCV x2  
  62  7:38  Marine  
  63  7:45  SCV  
  63  7:47  SCV  
  72  7:53  Marine x2  
  72  7:56  Marine  
  72  7:57  Orbital Command, SCV  
  75  7:59  SCV  
  75  8:02  Marine x2  
  75  8:03  Combat Shields  
  78  8:09  SCV  
  79  8:14  Marine x3  
  79  8:16  SCV  
  80  8:21  SCV  
  77  8:28  Marine x3, SCV  
  64  8:35  SCV  
  64  8:38  Marine x4  
  64  8:39  Medivac x2  
  69  8:46  Marine  
  69  8:47  Barracks Reactor x2  
  70  8:51  Armory  
  70  8:56  Marine x4  
  74  9:04  Marine  
  68  9:10  Medivac, Siege Tank  
  68  9:14  Marine x4  
  74  9:22  Medivac, Marine  
  75  9:27  Marine  
  75  9:28  Marine x3  
  77  9:31  Marine, SCV x2  
  77  9:32  Marine  
  77  9:33  Marine  
  77  9:36  Marine  
  77  9:37  Terran Infantry Weapons Level 2  
  82  9:42  Terran Infantry Armor Level 2  
  82  9:43  Marine  
  83  9:45  Marine  
  83  9:46  Marine x2  
  83  9:50  Supply Depot  
  83  9:51  Supply Depot  
  86  9:54  Marine x5  
  86  9:59  Siege Tank  
  94  10:00  Marine  
  94  10:11  Supply Depot x2, Marine x3  
  94  10:12  Marine x2  
  99  10:15  Marine x3  
  102  10:21  Viking  
  102  10:27  Viking  
  105  10:32  Marine x4  
  105  10:33  Marine  
  105  10:34  Marine  
  111  10:37  Marine  
  112  10:43  Siege Tank  
  112  10:47  Marine  
  112  10:49  Marine  
  117  10:54  Marine x3  
  117  10:56  Marine x2  
  122  10:58  Marine  
  116  11:12  Marine x6  
  116  11:13  Marine  
  116  11:16  Marine  
  119  11:29  Siege Tank  
  120  11:38  Marine x2  
  120  11:39  Marine x6  
  99  11:40  Marine  
Show
View Real Time Build Order
Export as new Build Order

Clem Terran - Winner!

Build Orders: Reaper Expand, MMM Bio 

Get SALT Encoding   

  12  0:00  SCV  
  13  0:13  SCV  
  14  0:17  Supply Depot  
  14  0:25  SCV  
  15  0:39  SCV  
  15  0:40  Barracks  
  16  0:44  Refinery  
  16  0:51  SCV  
  17  1:03  SCV  
  18  1:15  SCV  
  19  1:27  Orbital Command  
  19  1:39  Command Center  
  19  1:48  Reaper  
  20  1:54  Supply Depot, SCV  
  21  2:06  SCV  
  22  2:10  Factory  
  22  2:18  SCV  
  22  2:20  Marine  
  23  2:26  Refinery  
  23  2:30  SCV  
  24  2:42  SCV  
  24  2:55  Hellion, SCV  
  24  2:56  Bunker  
  24  2:57  Starport, Barracks Tech Lab  
  27  3:05  Orbital Command  
  27  3:07  SCV  
  28  3:16  Hellion  
  28  3:19  SCV  
  31  3:31  SCV  
  32  3:34  SCV  
  32  3:39  Raven  
  35  3:43  SCV  
  35  3:44  Supply Depot  
  35  3:46  Cyclone  
  35  3:47  SCV  
  40  3:55  SCV  
  40  3:59  Barracks Reactor, SCV  
  42  4:07  Command Center  
  42  4:08  SCV  
  43  4:13  SCV  
  42  4:21  Factory Tech Lab  
  42  4:22  Viking  
  42  4:23  SCV  
  45  4:28  SCV  
  46  4:31  Barracks  
  46  4:34  Barracks  
  46  4:37  SCV  
  46  4:38  Marine x2  
  49  4:40  Siege Tank  
  52  4:46  Supply Depot  
  52  4:48  SCV  
  52  4:49  SCV  
  52  4:50  Supply Depot  
  51  4:56  Marine  
  51  4:57  Marine  
  53  5:00  SCV  
  54  5:08  SCV  
  54  5:11  Starport Reactor  
  54  5:12  Refinery x2  
  54  5:13  SCV  
  56  5:14  Marine  
  56  5:16  Marine  
  56  5:20  SCV  
  59  5:22  Orbital Command  
  59  5:25  SCV  
  60  5:31  Stimpack, Barracks Reactor, Marine  
  60  5:32  Marine, SCV  
  63  5:37  SCV  
  63  5:42  Engineering Bay  
  64  5:43  Engineering Bay  
  64  5:44  SCV  
  64  5:46  Marine  
  64  5:49  Marine, SCV  
  68  5:52  Marine  
  68  5:53  SCV  
  68  5:55  Siege Tank  
  68  5:56  SCV  
  74  5:58  Supply Depot  
  74  6:02  Medivac  
  74  6:04  Marine  
  77  6:06  Medivac  
  77  6:07  SCV x2  
  77  6:08  Marine  
  78  6:12  Marine  
  78  6:13  SCV  
  78  6:16  Marine  
  64  6:19  SCV  
  64  6:21  Marine  
  56  6:27  SCV  
  56  6:31  SCV  
  56  6:35  SCV  
  56  6:37  Siege Tank  
  56  6:38  Terran Infantry Weapons Level 1  
  58  6:40  SCV  
  58  6:42  Marine  
  58  6:43  Marine, SCV  
  58  6:46  Marine x2  
  64  6:47  Marine  
  64  6:51  SCV  
  64  6:52  SCV  
  67  6:55  SCV  
  67  6:56  Medivac  
  67  6:57  Terran Infantry Armor Level 1  
  67  7:00  Supply Depot  
  70  7:02  Marine  
  70  7:03  Marine  
  70  7:04  Marine, SCV  
  70  7:06  SCV  
  70  7:07  SCV  
  76  7:12  Supply Depot  
  76  7:13  Medivac  
  78  7:16  Marine x2, SCV  
  78  7:19  SCV  
  81  7:23  Marine  
  81  7:24  SCV  
  74  7:31  Marine  
  74  7:34  Medivac, Marine x2, Siege Tank  
  74  7:35  Marine, SCV x2  
  85  7:37  Orbital Command  
  85  7:41  Marine  
  85  7:42  Combat Shields  
  86  7:47  SCV  
  86  7:49  Marine, Barracks  
  86  7:50  Barracks  
  88  7:52  Marine x3  
  88  7:53  SCV  
  88  7:57  Medivac  
  94  8:03  SCV  
  94  8:05  Marine  
  96  8:07  Marine  
  96  8:10  Marine x2  
  96  8:11  Marine  
  100  8:14  SCV  
  100  8:16  Supply Depot  
  100  8:23  Marine  
  100  8:24  Marine  
  100  8:25  SCV  
  95  8:28  Marine  
  95  8:29  Marine  
  95  8:31  SCV x2  
  95  8:32  Marine  
  95  8:33  Siege Tank  
  96  8:37  Medivac x2, SCV  
  96  8:40  Marine  
  102  8:42  Marine  
  102  8:44  Supply Depot  
  102  8:45  Barracks Reactor  
  102  8:46  Marine  
  104  8:50  Armory  
  104  8:51  SCV x2  
  104  8:52  Marine  
  107  8:56  Marine, SCV  
  107  8:58  Marine  
  107  9:00  Marine  
  111  9:04  Supply Depot, Marine  
  111  9:08  SCV  
  108  9:10  Marine  
  108  9:14  SCV  
  108  9:21  Siege Tank  
  111  9:24  Marine  
  111  9:29  Marine x2  
  114  9:34  SCV x3  
  114  9:36  Marine x3  
  120  9:41  Barracks Reactor, Medivac x2  
  124  9:48  Factory  
  124  9:50  Refinery x2, SCV  
  125  9:53  Marine x2  
  125  9:54  Marine  
  125  9:57  Marine  
  125  9:58  Marine x2  
  130  10:01  Supply Depot  
  130  10:02  Marine  
  130  10:06  Siege Tank  
  134  10:15  SCV x3  
  134  10:20  Marine x3  
  134  10:21  Marine  
  141  10:22  Marine  
  141  10:24  Marine x2  
  144  10:28  Medivac  
  144  10:29  Marine  
  144  10:34  Marine  
  148  10:38  Marine, Factory Tech Lab  
  148  10:42  Marine  
  149  10:46  Marine x3  
  149  10:49  Supply Depot  
  149  10:55  Sensor Tower  
  149  11:05  Supply Depot  
  149  11:06  Supply Depot  
  149  11:08  Marine  
  149  11:09  Marine, Siege Tank  
  142  11:11  Siege Tank  
  142  11:12  Marine x2  
  142  11:14  Marine  
  142  11:15  Marine  
  141  11:19  Marine x3  
  141  11:25  SCV x3  
  143  11:37  Marine, SCV x2  
  143  11:39  Marine  
  128  11:40  Marine x3  
  128  11:41  Marine  
  128  11:42  Marine  
Tags
 
Add a new tag
Caveats
  • Supply blocks, unpowered buildings, or Contaminate may cause inaccurate times.
  • Supply counts are checked every 10 seconds.